 Dungeon Crawl Stone Soup version 0.23.2-33-g5129a83184 (webtiles) character file.

Game seed: 5170377606597937125

184 microfolk the Chiller (level 5, -2/49 HPs)
             Began as an Octopode Ice Elementalist on July 7, 2019.
             Slain by Menkaure (10 damage)
             ... on level 4 of the Dungeon.
             The game lasted 00:13:38 (5093 turns).

microfolk the Chiller (Octopode Ice Elementalist)   Turns: 5093, Time: 00:13:39

Health: -2/49      AC: 22    Str:  8    XL:     5   Next: 64%
Magic:  8/8        EV:  2    Int: 18    God:
Gold:   157        SH:  0    Dex: 12    Spells: 2/8 levels left

rFire    . . .     SeeInvis .   a - +1 dagger
rCold    . . .     Gourm    .   (no shield)
rNeg     + + +     Faith    .   (helmet currently unavailable)
rPois    +         Spirit   .   (no amulet)
rElec    .         Reflect  .   (no ring)
rCorr    .         Harm     .   (no ring)
MR       .....     NoTele   +   (no ring)
Stlth    +++.......             (no ring)
HPRegen  0.16/turn              (no ring)
MPRegen  0.11/turn              (no ring)
                                (no ring)
                                (no ring)

@: tree-form
A: almost no armour, stealthy swim, (amphibious), 8 rings, (constrict 8)
a: no special abilities


You were on level 4 of the Dungeon.
You were not hungry.
You were a tree.
You visited 1 branch of the dungeon, and saw 4 of its levels.

You collected 157 gold pieces.

Inventory:

Hand Weapons
 a - a +1 dagger (weapon)
 d - a +0 spear
Missiles
 k - 53 stones (quivered)
 l - 7 tomahawks
Armour
 t - a +0 buckler
Jewellery
 f - an uncursed ring of protection from cold {unknown}
 j - an uncursed amulet of guardian spirit {unknown}
 n - an uncursed ring of wizardry {unknown}
 o - a +3 amulet of reflection {unknown}
Scrolls
 e - a scroll of enchant weapon
 m - a scroll of fog {unknown}
 p - a scroll of remove curse {unknown}
 q - a scroll of blinking {unknown}
 r - a scroll of teleportation
Potions
 g - 3 potions of heal wounds {@q2}
 h - 4 potions of haste
 i - 2 potions of berserk rage
 s - a potion of magic
 u - a potion of cancellation
Comestibles
 b - 3 rations
 v - a chunk of flesh


   Skills:
 - Level 1.3 Fighting
 + Level 3.2 Dodging
 + Level 4.5 Stealth
 - Level 2.0 Spellcasting
 - Level 1.0 Conjurations
 * Level 4.5 Ice Magic


You had 2 spell levels left.
You knew the following spells:

 Your Spells              Type           Power        Failure   Level  Hunger
a - Freeze                Ice            ###.         2%          1    #......
b - Throw Frost           Conj/Ice       ##....       9%          2    ###....
c - Ozocubu's Armour      Chrm/Ice       ##......     22%         3    ###....

Your spell library contained the following spells:

 Spells                   Type           Power        Failure   Level  Hunger
 Throw Icicle             Conj/Ice       ##......     50%         4    #####..
 Summon Ice Beast         Ice/Summ       ##......     56%         4    #####..


Dungeon Overview and Level Annotations

Branches:
Dungeon (4/15)
 Temple: D:4-7

Altars:
Dithmenos

Annotations:
D:1 exclusion: jackal
D:2 Sigmund
D:3 1 runed translucent door, Crazy Yiuf
D:4 exclusions: centaur and ogre, Menkaure


Innate Abilities, Weirdness & Mutations

You cannot wear most types of armour.
You are very stealthy in the water. (Stealth+)
((You are amphibious.))
You can wear up to eight rings at the same time.
((You can use your tentacles to constrict eight enemies at once.))
((Your skin changes colour to match your surroundings (Stealth+).))
((Your rubbery body absorbs attacks. (AC +1, EV +1)))


Message History

Menkaure hits you but does no damage. Menkaure hits you.
You hit Menkaure.
Menkaure is moderately damaged.
Menkaure hits you but does no damage.
You hit Menkaure but do no damage.
Menkaure is moderately damaged.
Menkaure hits you!
You hit Menkaure but do no damage.
Menkaure is moderately damaged.
Menkaure hits you but does no damage.
You hit Menkaure but do no damage.
Menkaure is moderately damaged.
Menkaure hits you!
* * * LOW HITPOINT WARNING * * *
You barely miss Menkaure.
Menkaure is moderately damaged.
Menkaure hits you!
* * * LOW HITPOINT WARNING * * *
Menkaure hits you!
You die...

#.#.###.# *,***,###.....,.#
#.#..##.# ******,,*,,,......##.##
#.#...#.# *,,,**,,,****#..#.##.#.
#.#...#.# *,,,,,,,,* #..#<.....
#...#############*,* #.......#.
#####...........##### ##.####P.P
...................8#***#.....P$$
....................#,,*#####.P$$
......#########.♣.[.#,,,,** ##.$$
..÷####,......###M.##,,,,,**


#PPP .###,,,,..!........#,,,,,,,**###. .#,,,,,,.(8$.......#,,,,,,,,***,.
.#,,,,,,M.M......###,,,,,,,,**,,, ##,,***,).....####,,,,,,,,*,,,,,,
#,,,,,**######*,,,,,,,,,,*****,,, #,,,,,,,,,,,,,,,,,,,,,,***,,***,,
#8,,,,,,,,,,,,,,,,,,,*** **,* **, You could see Menkaure.

Vanquished Creatures
  A worker ant (D:4)
  2 orc wizards (D:3)
  2 adders (D:3)
  2 oozes
  3 dart slugs
  2 leopard geckos
  5 orcs (D:3)
  8 bats
  2 giant cockroaches
  8 goblins
  8 hobgoblins
  2 jackals (D:2)
  5 quokkas
  2 ball pythons
  2 frilled lizards
  6 kobolds
  5 rats
65 creatures vanquished.

Vanquished Creatures (others)
  5 toadstools (D:4)
5 creatures vanquished.

Grand Total: 70 creatures vanquished

Notes
Turn   | Place    | Note
-------+----------+-------------------------------------------
     0 | D:1      | microfolk the Octopode Ice Elementalist began the quest for
                  | the Orb.
     0 | D:1      | Reached XP level 1. HP: 11/11 MP: 3/3
   431 | D:1      | Reached XP level 2. HP: 13/18 MP: 3/5
   893 | D:1      | Reached skill level 1 in Fighting
  1125 | D:1      | Reached XP level 3. HP: 23/23 MP: 4/6
  1148 | D:1      | Learned a level 2 spell: Throw Frost
  1152 | D:1      | Learned a level 3 spell: Ozocubu's Armour
  1170 | D:2      | Noticed Sigmund
  2557 | D:3      | Reached XP level 4. HP: 22/28 MP: 3/7
  3031 | D:3      | Reached XP level 5. HP: 3/33 MP: 1/8
  4142 | D:3      | Found a runed translucent door.
  4143 | D:3      | Noticed Crazy Yiuf
  4518 | D:4      | Noticed a centaur
  4561 | D:4      | Noticed an ogre
  4593 | D:4      | Noticed a phantom
  4793 | D:4      | Found a shadowy altar of Dithmenos.
  4987 | D:4      | Noticed Menkaure
  5093 | D:4      | Slain by Menkaure

Skill      XL: |  1  2  3  4 |
---------------+-------------+-----
Stealth        | 3 4 |  4.5
Fighting       | 1 |  1.3
Dodging        | 3 |  3.2
Ice Magic      | 4 |  4.5
Spellcasting   | |  2.0
Conjurations   | |  1.0

Action                   |  1- 3 |  4- 6 || total
-------------------------+-------+-------++-------
Melee: Dagger            |    31 |    37 ||    68
       Tentacles         |     6 |     3 ||     9
       Constrict         |     5 |     8 ||    13
Throw: Stone             |     1 |     4 ||     5
 Cast: Freeze            |    32 |    17 ||    49
       Throw Frost       |     8 |    28 ||    36
  Use: Scroll            |     2 |     8 ||    10
       Potion            |       |     1 ||     1
 Stab: Sleeping          |    13 |     4 ||    17
  Eat: Chunk             |     5 |    11 ||    16
Armor: Skin              |     3 |     6 ||     9
Dodge: Dodged            |    22 |    16 ||    38
